 Dungeon Crawl Stone Soup version 0.20.1-1-g8b1a95d (webtiles) character file.

46 Hurrycane the Gusty (level 3, 0/23 HPs)
             Began as a Tengu Air Elementalist on July 12, 2017.
             Succumbed to an adder's poison
             ... on level 2 of the Dungeon.
             The game lasted 00:04:17 (1506 turns).

Hurrycane the Gusty (Tengu Air Elementalist)        Turns: 1506, Time: 00:04:18

Health: 0/23       AC:  2    Str:  9    XL:     3   Next: 68%
Magic:  1/7        EV: 12    Int: 20    God:
Gold:   75         SH:  0    Dex: 14    Spells: 3/6 levels left

rFire    . . .     SeeInvis .   l - +0 trident
rCold    . . .     Gourm    .   (no shield)
rNeg     . . .     Faith    .   a - +0 robe
rPois    .         Spirit   .   (helmet restricted)
rElec    .         Reflect  .   (no cloak)
rCorr    .         Harm     .   (no gloves)
MR       .....                  (boots unavailable)
Stlth    ++........             (no amulet)
Regen    0.1/turn               (no ring)
MPRegen  0.1/turn               (no ring)

@: brilliant, lethally poisoned (0 -> -12), swift, quick
A: beak, talons 3, mutation resistance 1, wild magic 1
a: no special abilities


You were on level 2 of the Dungeon.
You were not hungry.

You visited 1 branch of the dungeon, and saw 2 of its levels.

You collected 75 gold pieces.

Inventory:

Hand Weapons
 e - a +0 whip
 l - a +0 trident (weapon)
Missiles
 h - 23 stones (quivered)
Armour
 a - a +0 robe (worn)
 d - a +0 leather armour
Books
 b - a book of Air

   Spells                             Type                      Level
   a - Shock                          Conjuration/Air              1
   b - Swiftness                      Charms/Air                   2
   c - Static Discharge               Conjuration/Air              3
   d - Airstrike                      Air                          4
   e - Lightning Bolt                 Conjuration/Air              5
Comestibles
 c - a bread ration
 g - a chunk of flesh


   Skills:
 * Level 3.0 Fighting
 - Level 2.1 Dodging
 - Level 2.0 Stealth
 * Level 2.0 Spellcasting
 * Level 1.7 Conjurations
 + Level 4.1 Air Magic


You had 3 spell levels left.
You knew the following spells:

 Your Spells              Type           Power        Failure   Level  Hunger
a - Shock                 Conj/Air       ####         1%          1    #......
b - Swiftness             Chrm/Air       ####....     1%          2    ##.....


Dungeon Overview and Level Annotations

Branches:
Dungeon (2/15)

Altars:
Gozag


Innate Abilities, Weirdness & Mutations

You have a beak for a mouth.
You have claws for feet.
You are somewhat resistant to further mutation.
Your spells are a little harder to cast, but a little more powerful.


Message History

You feel sick.
* * * LOW HITPOINT WARNING * * *
You feel sick.
You see here an adder corpse.
Unknown command.
Okay, then.
Unknown command.
Unknown command.
Unknown command.
There is a lethal amount of poison in your body!
* * * LOW HITPOINT WARNING * * *
You feel sick.
* * * LOW HITPOINT WARNING * * *
You feel sick.
* * * LOW HITPOINT WARNING * * *
You feel sick.
* * * LOW HITPOINT WARNING * * *
You feel sick.
Your magical contamination has completely faded away.
You die...

#..#........#.#....###.#########
#..#........#.#.#.## #...
##.#........#.#.#.# #####
...#........#.....#
...#........#.#.#.#
#..#######'##.#.#.#
#......÷......#...#
#...####[.###....##
#.....##)######.@# #.#........#
#..# #.###.####.####..# #.....#
#.......# #..#### #######.# #..#
#.# ...# #†# ##.# #.# #.# #.#


There were no monsters in sight!

Vanquished Creatures
  An adder (D:2)
  A dart slug (D:1)
  2 giant cockroaches (D:2)
  4 goblins
  5 hobgoblins
  4 jackals (D:1)
  4 kobolds
  A ball python (D:1)
  6 bats
  3 frilled lizards (D:1)
  2 rats
33 creatures vanquished.

Notes
Turn   | Place    | Note
-------+----------+-------------------------------------------
     0 | D:1      | Hurrycane the Tengu Air Elementalist began the quest for the Orb.
     0 | D:1      | Reached XP level 1. HP: 10/10 MP: 4/4
   268 | D:1      | Reached skill level 1 in Fighting
   351 | D:1      | Reached XP level 2. HP: 7/16 MP: 4/6
  1003 | D:1      | Learned a level 2 spell: Swiftness
  1121 | D:1      | Reached XP level 3. HP: 22/22 MP: 7/7
  1277 | D:2      | Found an opulent altar of Gozag.
  1410 | D:2      | Gained mutation: You are somewhat resistant to further mutation. [potion of mutation]
  1410 | D:2      | Gained mutation: Your spells are a little harder to cast, but a little more powerful. [potion of mutation]
  1504 | D:2      | HP: 1/23 [poisoned by an adder]
  1506 | D:2      | Succumbed to an adder's poison

Skill      XL: |  1  2  3 |
---------------+----------+-----
Fighting       | 1 2 3 |  3.0
Dodging        | |  2.1
Stealth        | |  2.0
Spellcasting   | |  2.0
Conjurations   | |  1.7
Air Magic      | |  4.1

Action                   || total
-------------------------++-------
Melee: Whip              ||    39
       Peck              ||     8
       Kick              ||    14
       Trident           ||    26
Throw: Stone             ||     2
 Cast: Shock             ||    23
       Swiftness         ||     1
  Use: Scroll            ||     3
       Potion            ||     3
 Stab: Sleeping          ||     3
  Eat: Bread ration      ||     1
Armor: Robe              ||    15
Dodge: Dodged            ||    52
